 Dungeon Crawl Stone Soup version 0.29-a0-919-gd064cfad1c (webtiles) character file.

Game seed: 3280634555150273468

370 IdlyInterested the Cudgeller (level 6, -3/44 HPs)
             Began as a Demonspawn Wanderer on July 26, 2022.
             Slain by a gnoll
             ... wielding a +0 halberd
              (8 damage)
             ... on level 3 of the Dungeon.
             The game lasted 00:11:06 (3407 turns).

IdlyInterested the Cudgeller (Demonspawn Wanderer)  Turns: 3407, Time: 00:11:07

Health: -3/44      AC:  6    Str: 14    XL:     6   Next: 42%
Magic:  7/8        EV:  9    Int: 16    God:
Gold:   204        SH:  0    Dex: 10    Spells: 7/8 levels left

rFire   x . .      SeeInvis .   a - +2 mace
rCold   + . .      Faith    .   (no shield)
rNeg    . . .      Spirit   .   e - +0 scale mail
rPois   .          Reflect  .   (helmet unavailable)
rElec   .          Harm     .   (no cloak)
rCorr   .          Rampage  .   (no gloves)
Will    .....                   (no boots)
Stlth   ..........              (no amulet)
HPRegen 0.14/turn               l - +4 ring of slaying
MPRegen 0.11/turn               o - ring of ice

@: very slightly contaminated
A: horns 3, powered by death 1
a: no special abilities


You were on level 3 of the Dungeon.
You visited 1 branch of the dungeon, and saw 3 of its levels.

You collected 204 gold pieces.

Inventory:

Hand Weapons
 a - a +2 mace (weapon)
 c - a +0 flail
Missiles
 b - 8 boomerangs (quivered)
 k - 17 poisoned darts
 q - 5 boomerangs of dispersal
Armour
 e - a +0 scale mail (worn)
 h - a +0 ring mail
 j - a +0 leather armour
Jewellery
 g - a ring of fire
 l - a +4 ring of slaying (left hand)
 n - a +4 ring of evasion
 o - a ring of ice (right hand)
Scrolls
 d - a scroll of teleportation
 i - 2 scrolls of identify
 m - a scroll of fear
Potions
 f - a potion of resistance
 p - a potion of attraction {unknown}


   Skills:
 - Level 2.0 Fighting
 * Level 4.2 Maces & Flails
 - Level 1.0 Throwing
 - Level 2.0 Armour
 - Level 1.0 Dodging
 - Level 1.0 Stealth
 + Level 0.8 Shields
 + Level 1.5 Spellcasting
 * Level 4.2 Ice Magic
 - Level 1.2 Invocations


You had 7 spell levels left.
You knew the following spells:

 Your Spells              Type           Power      Damage    Failure   Level
a - Freeze                Ice            88%        1d10      16%         1

Your spell library contained the following spells:

 Spells                   Type           Power      Damage    Failure   Level
 Frozen Ramparts          Ice            44%        1d6       43%         3
 Summon Forest            Summ/Tloc      0%         N/A       100%        5
 Eringya's Noxious Bog    Tmut/Pois      0%         N/A       100%        6
 Summon Hydra             Summ           0%         N/A       100%        7


Dungeon Overview and Level Annotations

Branches:
Dungeon (3/15)

Altars:
Cheibriados


Innate Abilities, Weirdness & Mutations

You have a pair of large horns on your head.
You regenerate a little health from kills.


Message History

You kill the orc!
A gnoll comes into view. It is wielding a +0 spear.
You barely miss the gnoll. The gnoll hits you with a +0 flail.
You sock the gnoll!
The gnoll is heavily wounded.
A kobold brigand comes into view.
It is wielding a +0 dagger and quivering curare-tipped darts.
The gnoll hits you but does no damage.
The kobold brigand shouts!
You sock the gnoll!
You kill the gnoll!
You hear a shout! x2
You thump the gnoll!
The gnoll is severely wounded.
The gnoll hits you with a +0 club.
You hit the gnoll but do no damage. Your headbutt misses the gnoll.
The gnoll is severely wounded.
The gnoll closely misses you.
The gnoll hits you from afar with a +0 halberd.
The gnoll hits you from afar with a +0 halberd!
The gnoll barely misses you. The gnoll hits you with a +0 spear.
The gnoll hits you with a +0 club.
* * * LOW HITPOINT WARNING * * *
Items here: )) [ †.
Unknown command.
Casting: Freeze (safe; 16% risk of failure)
Confirm with . or Enter, or press ? or * to list all spells.
Aiming: Freeze (safe; 16% risk of failure)
Press: ? - help, Shift-Dir - straight line, f - gnoll
Aim: a gnoll, wielding a +0 halberd You feel a surge of power!
You miscast Freeze.
You are very lightly contaminated with residual magic.
Nothing appears to happen.
The gnoll hits you with a +0 spear.
* * * LOW HITPOINT WARNING * * *
The gnoll hits you with a +0 club.
* * * LOW HITPOINT WARNING * * *
The gnoll hits you with a +0 halberd!
* * * LOW HITPOINT WARNING * * *
You hit the gnoll but do no damage. The gnoll hits you but does no damage.
The gnoll closely misses you. The gnoll hits you with a +0 halberd!
You die...

)...≈≈≈≈≈≈≈≈≈≈≈≈≈≈≈≈≈≈≈....#
#..
)...≈≈≈≈≈≈≈≈≈≈≈≈#####≈≈....#
#..
................#...#≈≈....#
#..
))''#############...#≈≈....#
###
....#...........#'###≈≈P...#
....'.......)...'.#.≈≈≈....#
....#...........#.#.≈≈≈....#
#################g#.≈≈≈....#
#..Kg@)#.≈≈≈....#
#...g..#.≈≈≈....#
##'###.#.≈≈≈....# #...
#.#.≈≈≈..P.# #..
#.#.≈≈≈....# .'..
#'###≈≈....#
#################...#≈≈P..†#
................#...#≈≈....#
≈≈≈≈≈≈≈≈≈≈≈≈≈≈≈≈#####≈≈....#


You could see a kobold brigand and 3 gnolls.

Vanquished Creatures
  2 hounds (D:3)
  Jessica (D:2)
  Terence (D:2)
  11 gnolls
  2 adders (D:2)
  A worm (D:3)
  2 dart slugs (D:2)
  15 orcs (D:3)
  10 bats
  7 endoplasms
  6 giant cockroaches
  5 goblins
  7 hobgoblins
  15 jackals
  3 quokkas
  6 ball pythons
  6 frilled lizards
  4 kobolds
  7 rats
111 creatures vanquished.

Vanquished Creatures (others)
  A plant (D:3)
1 creature vanquished.

Grand Total: 112 creatures vanquished

Notes
Turn   | Place    | Note
-------+----------+-------------------------------------------
     0 | D:1      | IdlyInterested the Demonspawn Wanderer began the quest for
                  | the Orb.
     0 | D:1      | IdlyInterested set off with the following items: a +2 mace,
                  | 9 boomerangs, a +0 dagger, a scroll of teleportation, a +0
                  | robe; and the following spell memorised: Freeze; and the
                  | following spells available to memorise: Frozen Ramparts.
     0 | D:1      | Reached XP level 1. HP: 13/13 MP: 2/2
   165 | D:1      | Gained mutation: You regenerate a little health from kills.
                  | [demonic ancestry]
   165 | D:1      | Reached XP level 2. HP: 20/20 MP: 1/3
   304 | D:1      | Reached skill level 1 in Fighting
   416 | D:1      | Reached skill level 1 in Armour
   416 | D:1      | Gained mutation: You have a pair of small horns on your
                  | head. [demonic ancestry]
   416 | D:1      | Reached XP level 3. HP: 5/26 MP: 0/4
  1288 | D:2      | Noticed Jessica
  1293 | D:2      | Found a snail-covered altar of Cheibriados.
  1296 | D:2      | Killed Jessica
  1297 | D:2      | Gained mutation: You have a pair of horns on your head.
                  | [demonic ancestry]
  1297 | D:2      | Reached XP level 4. HP: 20/32 MP: 3/5
  1430 | D:2      | Noticed Terence
  1446 | D:2      | Killed Terence
  1601 | D:2      | Found a faded altar of an unknown god.
  1887 | D:2      | Gained mutation: You have a pair of large horns on your
                  | head. [demonic ancestry]
  1887 | D:2      | Reached XP level 5. HP: 35/38 MP: 6/6
  2756 | D:3      | Reached skill level 1 in Dodging
  2770 | D:3      | Reached XP level 6. HP: 37/44 MP: 7/7
  3407 | D:3      | Slain by a gnoll

Illustrated notes

Levels and vault maps discovered:
D:1:      giann_wishing_wells, layout_basic, nrook_mini_backslash
D:2:      layout_loops_ring, nicolae_ecumenical_lake_church, basic_altar,
          uniq_terence, uniq_jessica
D:3:      lemuel_castle_with_subvaults [lemuel_castle_interior_carwin_1],
          layout_rooms, bh_walls_and_bars

Skill      XL: |  1  2  3  4  5  6 |
---------------+-------------------+-----
Ice Magic      | 3 4 |  4.2
Maces & Flails | 3 4 |  4.2
Fighting       | 1 2 |  2.0
Armour         | 1 2 |  2.0
Dodging        | 1 |  1.0
Throwing       | |  1.0
Stealth        | |  1.0
Shields        | |  0.8
Spellcasting   | |  1.5
Invocations    | |  1.2

Action                   |  1- 3 |  4- 6 || total
-------------------------+-------+-------++-------
Melee: Mace              |    75 |   168 ||   243
       Headbutt          |     3 |    20 ||    23
       Punch             |       |     2 ||     2
Throw: Boomerang         |    23 |     3 ||    26
 Cast: Freeze            |    19 |     8 ||    27
  Use: Scroll            |     5 |     1 ||     6
       Potion            |       |     1 ||     1
Armor: Robe              |     8 |       ||     8
       Scale mail        |    34 |    67 ||   101
Dodge: Dodged            |    53 |   114 ||   167

Table legend: (Time is in decaauts)
 A = Elapsed time spent in this place.
 B = Non-inter-level travel time spent in this place.
 C = Inter-level travel time spent in this place.
 D = Time resting spent in this place.
 E = Time spent auto-exploring this place.
 F = Levels seen in this place.
 G = Mean time per level.
                   A        B        C        D        E       F      G
               +--------+--------+--------+--------+--------+-----+--------+
         Total |   3465 |   3149 |    316 |    807 |   1432 |   3 | 1155.0 |
       Dungeon |   3465 |   3149 |    316 |    807 |   1432 |   3 | 1155.0 |
               +--------+--------+--------+--------+--------+-----+--------+

Top non-repeatable levels by time:
     D:2: 1281 daAuts
     D:3: 1101 daAuts
     D:1: 1081 daAuts
